 Dungeon Crawl Stone Soup version 0.32-a0-898-g7811c86cf0 (webtiles) character file.

Game seed: 12516955866715682732

81731 Biggs the Marksgoblin (level 15, -1/127 HPs)
             Began as a Coglin Hunter on Apr 4, 2024.
             Was the Champion of Okawaru.
             Slain by a seven-headed hydra simulacrum (5 damage)
             ... in an ice cave.
             The game lasted 00:44:08 (18926 turns).

Biggs the Marksgoblin (Coglin Hunter)              Turns: 18926, Time: 00:44:09

Health: -1/127     AC: 14    Str: 15    XL:     15   Next: 71%
Magic:  21/21      EV: 21    Int:  9    God:    Okawaru [******]
Gold:   2253       SH:  0    Dex: 26    Spells: 14/14 levels left

rFire   + . .        s - +2 hand cannon (freeze) {Ulrich}
rCold   + + .        a - +4 sling (drain) {Ichio}
rNeg    . . .        L - +1 leather armour {rC+}
rPois   +            N - +2 helmet {SInv}
rElec   +            B - scarf "Attidog" {rC+ rF+, Str+2 Dex+3}
rCorr   +            e - +2 pair of gloves {infuse}
SInv    +            x - +2 pair of boots
Will    +....        (amulet unavailable)
Stlth   ++           (ring unavailable)
HPRegen 1.21/turn    (ring unavailable)
MPRegen 0.57/turn    P - recursive neosubsystem {rElec rPois Regen+ RegenMP+ rCorr}

%: infuse magic (1 MP)
@: slowed, revved, very slow
A: off-hand wielding, slow wielding, warmup strikes, no jewellery
a: Renounce Religion, Heroism, Finesse, Duel


You were in an ice cave.
You worshipped Okawaru.
Okawaru was exalted by your worship.
You visited 5 branches of the dungeon, and saw 21 of its levels.
You also visited: Gauntlet and Ice Cave.

You collected 2353 gold pieces.
You spent 100 gold pieces at shops.

Inventory:

Hand Weapons
 a - a +4 sling of draining (offhand) {Ichio}
 d - a +0 sling {Ikko}
 s - a +2 hand cannon of freezing (weapon) {Ulrich}
Missiles
 g - a throwing net
 J - 7 curare-tipped darts
Armour
 e - a +2 pair of gloves of infusion (worn)
 x - a +2 pair of boots (worn)
 B - the scarf "Attidog" (worn) {rC+ rF+, Str+2 Dex+3}
   (You acquired it on level 5 of the Lair of Beasts)

   Str+2:     It affects your strength (+2).
   Dex+3:     It affects your dexterity (+3).
 H - a +2 robe of resistance
 L - a +1 leather armour of cold resistance (worn)
 N - a +2 helmet of see invisible (worn)
 O - the +1 cloak of Ylos {rN+ Dex+3 SInv Stlth-}
   (You found it in a Gauntlet)

   Dex+3:     It affects your dexterity (+3).
   rN+:       It protects you from negative energy.
   SInv:      It lets you see invisible.
   Stlth-:    It makes you less stealthy.
Gizmo
 P - a recursive neosubsystem (installed) {rElec rPois Regen+ RegenMP+ rCorr}
   (You invented it yourself on level 5 of the Lair of Beasts)

   [recursive neosubsystem]

   rElec:     It insulates you from electricity.
   rPois:     It protects you from poison.
   Regen+:    It increases your rate of health regeneration.
   rCorr:     It protects you from acid and corrosion.
   RegenMP+:  It increases your rate of magic regeneration.
Talismans
 u - a talisman of death
Wands
 y - a wand of charming (20)
 C - a wand of acid (1)
 G - a wand of iceblast (14)
 I - a wand of flame (22)
 T - a wand of polymorph (2)
Scrolls
 b - 4 scrolls of noise
 c - 3 scrolls of summoning
 h - 2 scrolls of vulnerability
 j - 6 scrolls of teleportation
 k - 2 scrolls of blinking
 m - 9 scrolls of immolation
 p - 6 scrolls of enchant armour
 t - 3 scrolls of fear
 A - 2 scrolls of amnesia
 E - 3 scrolls of fog
 S - 3 scrolls of identify
Potions
 f - a potion of berserk rage
 i - 15 potions of degeneration
 l - 2 potions of lignification
 n - a potion of ambrosia {unknown}
 o - a potion of mutation
 q - 3 potions of might
 r - 4 potions of curing
 v - 2 potions of enlightenment {unknown}
 w - 2 potions of brilliance {unknown}
 z - a potion of magic {unknown}
 F - 5 potions of heal wounds
 K - a potion of attraction {unknown}
 M - a potion of invisibility {unknown}
 Q - 2 potions of cancellation {unknown}
 R - 2 potions of haste
Miscellaneous
 D - a condenser vane


   Skills:
 - Level 14.6 Fighting
 - Level 18.0 Ranged Weapons
 + Level 5.7 Armour
 - Level 11.4 Dodging
 - Level 0.7 Stealth
 - Level 8.0 Invocations


You had 14 spell levels left.
You didn't know any spells.
Your spell library contained the following spells:

 Spells                   Type           Power      Damage    Failure   Level
 Kiss of Death            Conj/Necr      0%         2d5       43%         1
 Shock                    Conj/Air       0%         1d3       43%         1
 Cigotuvi's Dreadful Rot  Necr/Alch/Air  0%         N/A       58%         2
 Ensorcelled Hibernation  Hex/Ice        0%         N/A       58%         2
 Scorch                   Fire           0%         2d5       58%         2
 Confusing Touch          Hex            0%         N/A       82%         3
 Dazzling Flash           Conj/Hex       0%         N/A       82%         3
 Mephitic Cloud           Conj/Alch/Air  0%         N/A       82%         3
 Passwall                 Erth           0%         N/A       82%         3
 Sigil of Binding         Hex            0%         N/A       82%         3
 Stone Arrow              Conj/Erth      0%         3d7       82%         3
 Swiftness                Air            0%         N/A       82%         3
 Airstrike                Air            0%         2d(0-16)  99%         4
 Dimensional Bullseye     Hex/Tloc       0%         N/A       99%         4
 Dispel Undead            Necr           0%         3d6       99%         4
 Flame Wave               Conj/Fire      0%         2d4       99%         4
 Passage of Golubria      Tloc           0%         N/A       99%         4
 Curse of Agony           Necr           0%         N/A       100%        5
 Lee's Rapid Deconstruct  Erth           0%         3d4*      100%        5
 Silence                  Hex/Air        0%         N/A       100%        5
 Eringya's Noxious Bog    Alch           0%         4d6       100%        6
 Lehudib's Crystal Spear  Conj/Erth      0%         10d2      100%        8
 Call Canine Familiar     Summ           Unusable   N/A       N/A         3
 Animate Armour           Summ/Erth      Unusable   N/A       N/A         4
 Martyr's Knell           Necr/Summ      Unusable   N/A       N/A         4
 Summon Lightning Spire   Summ/Air       Unusable   N/A       N/A         4
 Summon Forest            Summ/Tloc      Unusable   N/A       N/A         5
 Summon Cactus Giant      Summ           Unusable   N/A       N/A         6
 Summon Hydra             Summ           Unusable   N/A       N/A         7

Dungeon Overview and Level Annotations

Branches:
Dungeon (11/15)            Temple (1/1) D:5            Lair (5/5) D:10
  Swamp (3/4) Lair:2       Spider (1/4) Lair:2        Slime (0/5) Lair:4
    Orc (0/2) D:10          IceCv (1/1)             Gauntlet (visited)

Altars:
Ashenzari
Cheibriados
Dithmenos
Elyvilon
Fedhas
Gozag
Hepliaklqana
Kikubaaqudgha
Makhleb
Nemelex Xobeh
Okawaru
Qazlal
Ru
Sif Muna
Trog
Uskayaw
Vehumet
Wu Jian
Xom
Yredelemnul
Zin
The Shining One
Jiyva

Shops:
D:6 !

Annotations:
Temple 4 transporters


Innate Abilities, Weirdness & Mutations

You can wield a second weapon in your off-hand.
It takes a long time for you to wield or remove held weapons.
Your first few attacks do less damage.
You cannot equip rings or amulets.


Message History

The sling bullet hits the freezing wraith!
You destroy the freezing wraith!
Okawaru accepts your kill.
You shoot a slug.
The slug hits the lindwurm simulacrum but does no damage.
The lindwurm simulacrum is moderately damaged.
The seven-headed hydra simulacrum barely misses you.
The seven-headed hydra simulacrum misses you. x2
The seven-headed hydra simulacrum completely misses you.
The seven-headed hydra simulacrum bites you but does no damage.
The seven-headed hydra simulacrum bites you.
The seven-headed hydra simulacrum freezes you!
You resist.
The seven-headed hydra simulacrum closely misses you.
The ettin simulacrum hits you!
* * * LOW HITPOINT WARNING * * *
The ettin simulacrum freezes you! You resist.
* * * LOW HITPOINT WARNING * * *
The ettin simulacrum closely misses you.
Unknown command.
Fire: s) +2 hand cannon (freeze) {Ulrich}
Press: ? - help, Q - select action, (/) - cycle Shift-Dir - straight line, f - seven-headed hydra simulacrum
Aim: a seven-headed hydra simulacrum (lightly damaged, 98% to hit)
You shoot a slug.
The slug hits the seven-headed hydra simulacrum.
The seven-headed hydra simulacrum is lightly damaged.
You shoot a sling bullet.
The sling bullet hits the seven-headed hydra simulacrum!
The seven-headed hydra simulacrum is heavily damaged.
The lindwurm simulacrum bites you.
* * * LOW HITPOINT WARNING * * *
The lindwurm simulacrum freezes you! You resist.
* * * LOW HITPOINT WARNING * * *
The lindwurm simulacrum claws you.
* * * LOW HITPOINT WARNING * * *
The lindwurm simulacrum freezes you! You resist.
* * * LOW HITPOINT WARNING * * *
The lindwurm simulacrum claws you but does no damage.
The seven-headed hydra simulacrum bites you.
You die...

#########
#.......#
#...∩...#
#.......#
#...°☼..#
#...@☼..#
##.ZZZ.##
##...##
##.## ...
... ...
.....


You could see a seven-headed hydra simulacrum, a lindwurm simulacrum and an
ettin simulacrum.

Vanquished Creatures
  Rupert (Lair:3)
  A minotaur (Gauntlet)
  4 bunyips
  The ghost of Heha Ogi the Fighter, a journeyman DjSh of Cheibriados (Lair:3)
  The ghost of Lueser the Toxicologist, a journeyman NaAl of Dithmenos (Lair:3)
  3 dire elephants (Lair:5)
  15 hydras
  Erica (D:8)
  A catoblepas (Lair:5)
  5 alligators
  4 death yaks (Lair:2)
  3 boulder beetles
  A two-headed ogre (D:8)
  A spriggan berserker (Swamp:1)
  A spectral dire elephant (Lair:5)
  A skyshark (Lair:2)
  Sonja (D:10)
  A spectral death yak (Lair:5)
  A spriggan druid (Swamp:3)
  A spectral anaconda (Lair:5)
  5 swamp dragons
  2 goliath frogs (Swamp:2)
  An obsidian statue (Lair:5)
  Pikel (D:7)
  4 bog bodies
  3 necromancers (Lair:5)
  An oklob plant (Lair:5)
  9 ugly things
  A cyclops (D:9)
  Maurice (D:7)
  2 will-o-the-wisps
  2 moths of wrath (Gauntlet)
  2 wolf spiders
  A dire elephant zombie (Lair:5)
  8 elephants (Lair:5)
  4 black mambas
  A torpor snail (Lair:5)
  13 cane toads
  2 dire elephant skeletons (Lair:5)
  A freezing wraith (IceCv)
  5 rime drakes
  An anaconda simulacrum (IceCv)
  A golden dragon simulacrum (IceCv)
  11 komodo dragons
  A tarantella (Spider:1)
  A bloated husk (Swamp:1)
  A troll (D:10)
  8 hornets
  2 jumping spiders
  A spectral elephant (Lair:5)
  4 tyrant leeches
  6 blink frogs (Lair:1)
  An alligator simulacrum (IceCv)
  8 spriggans
  A culicivora (Lair:2)
  5 wyverns
  A wraith (D:9)
  39 yaks
  6 basilisks
  4 redbacks (Gauntlet)
  7 vampire mosquitoes (Swamp:1)
  2 spectral cane toads (Lair:5)
  A warg (D:9)
  Edmund (D:5)
  2 harpy simulacra (IceCv)
  9 swamp worms
  13 water moccasins
  An acid dragon (D:10)
  4 swamp drakes
  3 orc warriors
  An ettin simulacrum (IceCv)
  A sky beast (D:7)
  2 elephant zombies (Lair:5)
  An ice beast (D:5)
  6 wolves
  2 black bears
  4 laughing skulls
  3 ogres
  3 centaurs
  3 lemures (D:7)
  2 phantoms
  4 kobold brigands
  10 bullfrogs
  8 scorpions
  4 wights (D:9)
  5 elephant simulacra (Lair:5)
  A bombardier beetle (D:3)
  2 jellies
  6 orc priests
  An iguana (D:6)
  11 orc wizards
  8 gnolls
  2 adders
  A shadow imp (D:6)
  3 white imps (D:7)
  2 ufetubi (D:5)
  A dart slug (D:1)
  4 ribbon worms
  33 orcs
  11 ball pythons
  7 bats
  17 endoplasms
  7 giant cockroaches
  5 goblins
  6 hobgoblins
  3 quokkas
  2 frilled lizards (D:1)
  17 kobolds
  2 rats
473 creatures vanquished.

Vanquished Creatures (others)
  4 foxfires
4 creatures vanquished.

Grand Total: 477 creatures vanquished

Notes
Turn   | Place    | Note
-------+----------+-------------------------------------------
     0 | D:1      | Biggs the Coglin Hunter began the quest for the Orb.
     0 | D:1      | Reached XP level 1. HP: 16/16 MP: 1/1
    71 | D:1      | Reached skill level 4 in Ranged Weapons
    71 | D:1      | Reached XP level 2. HP: 22/22 MP: 2/2
   406 | D:1      | Reached XP level 3. HP: 27/27 MP: 3/3
  1093 | D:2      | Reached skill level 5 in Ranged Weapons
  1093 | D:2      | Reached XP level 4. HP: 33/33 MP: 4/4
  2028 | D:4      | Noticed a black bear
  2036 | D:4      | Killed a black bear
  2037 | D:4      | Reached skill level 6 in Ranged Weapons
  2037 | D:4      | Reached XP level 5. HP: 37/38 MP: 5/5
  2446 | D:4      | Found a burning altar of Makhleb.
  2500 | D:4      | Noticed an ogre
  2505 | D:4      | Killed an ogre
  2506 | D:4      | Reached XP level 6. HP: 44/44 MP: 6/6
  2607 | D:4      | Reached skill level 7 in Ranged Weapons
  2650 | D:4      | Reached XP level 7. HP: 43/50 MP: 7/7
  3356 | D:5      | Entered Level 5 of the Dungeon
  3426 | D:5      | Reached skill level 8 in Ranged Weapons
  3429 | D:5      | Found a snail-covered altar of Cheibriados.
  3755 | D:5      | Noticed Edmund
  3764 | D:5      | Killed Edmund
  3765 | D:5      | Reached XP level 8. HP: 30/56 MP: 8/8
  3774 | D:5      | Reached skill level 9 in Ranged Weapons
  4198 | D:5      | Found a staircase to the Ecumenical Temple.
  4240 | Temple   | Found a transporter.
  4240 | Temple   | Found a transporter.
  4240 | Temple   | Found a transporter.
  4240 | Temple   | Found a transporter.
  4240 | Temple   | Entered the Ecumenical Temple
  4532 | D:5      | Found a sparkling altar of Nemelex Xobeh.
  4919 | D:6      | Found Vejenev's Distillery.
  4928 | D:6      | Bought a potion of haste for 100 gold pieces
  5346 | D:7      | Reached skill level 5 in Fighting
  5457 | D:7      | Found an iron altar of Okawaru.
  5580 | D:7      | Became a worshipper of Warmaster Okawaru
  5696 | D:7      | Noticed Pikel
  5721 | D:7      | Killed Pikel
  5721 | D:7      | Reached * piety under Okawaru
  5722 | D:7      | Reached XP level 9. HP: 56/68 MP: 9/9
  5838 | D:7      | Noticed Maurice
  5850 | D:7      | Killed Maurice
  6370 | D:8      | Noticed Erica
  6377 | D:8      | Killed Erica
  6377 | D:8      | Reached ** piety under Okawaru
  6615 | D:8      | Found the +3 warlock's mirror {omnireflect}
  6633 | D:8      | Noticed a two-headed ogre
  6641 | D:8      | Killed a two-headed ogre
  6641 | D:8      | Reached *** piety under Okawaru
  6642 | D:8      | Reached XP level 10. HP: 74/74 MP: 10/10
  7235 | D:8      | Reached skill level 10 in Dodging
  7403 | D:9      | Noticed a cyclops
  7617 | D:9      | Found a glowing golden altar of the Shining One.
  7767 | D:9      | Identified the +1 leather armour "Aniack" {Rampage}
  7947 | D:9      | Reached **** piety under Okawaru
  8009 | D:9      | Killed a cyclops
  8098 | D:9      | Reached ***** piety under Okawaru
  8414 | D:10     | Entered Level 10 of the Dungeon
  8415 | D:10     | Noticed a white ugly thing
  8546 | D:10     | Reached XP level 11. HP: 54/79 MP: 11/11
  8559 | D:10     | Reached skill level 10 in Ranged Weapons
  8991 | D:10     | Found a staircase to the Lair.
  9010 | D:10     | Killed a white ugly thing
  9010 | D:10     | Received a gift from Okawaru
  9284 | D:10     | Found a staircase to the Orcish Mines.
  9301 | D:10     | Reached skill level 11 in Ranged Weapons
  9386 | D:10     | Noticed Sonja
  9392 | D:10     | Killed Sonja
  9899 | D:11     | Noticed a boulder beetle
 10120 | Lair:1   | Entered Level 1 of the Lair of Beasts
 10287 | Lair:1   | Reached skill level 12 in Ranged Weapons
 10502 | Lair:1   | Reached ****** piety under Okawaru
 10564 | Lair:1   | Acquired a +2 helmet of see invisible
 10564 | Lair:1   | Received a gift from Okawaru
 10577 | Lair:1   | Acquired a +0 hand cannon of freezing
 10577 | Lair:1   | Received a gift from Okawaru
 11149 | Lair:1   | Reached skill level 13 in Ranged Weapons
 11432 | Lair:2   | Noticed a boulder beetle
 11449 | Lair:1   | Reached XP level 12. HP: 50/86 MP: 12/12
 11605 | Lair:2   | Found a gate leading to a gauntlet.
 11608 | Lair:2   | Noticed a death yak
 11611 | Lair:2   | Noticed a death yak
 11611 | Lair:2   | Noticed a death yak
 11620 | Gauntlet | Entered a Gauntlet
 11620 | Gauntlet | Found a transporter.
 11631 | Gauntlet | Noticed a ghost crab
 11736 | Gauntlet | Noticed a quicksilver ooze
 11739 | Gauntlet | Found a transporter.
 11753 | Gauntlet | Found a transporter.
 11756 | Gauntlet | Found a transporter.
 11771 | Gauntlet | Found a transporter.
 11790 | Gauntlet | Found a transporter.
 11790 | Gauntlet | Noticed a wretched star
 11809 | Gauntlet | Found a transporter.
 11827 | Gauntlet | Found a transporter.
 11831 | Gauntlet | Found a transporter.
 11840 | Gauntlet | Found a transporter.
 11863 | Gauntlet | Found a transporter.
 11869 | Gauntlet | Found a transporter.
 11946 | Gauntlet | Received a gift from Okawaru
 12079 | Gauntlet | Identified the +1 cloak of Ylos {rN+ Dex+3 SInv Stlth-}
 12119 | Gauntlet | Identified the ring of Licuvvu {rF+ Str+2}
 12119 | Gauntlet | Noticed a minotaur
 12138 | Gauntlet | Killed a minotaur
 12364 | Lair:2   | Noticed a death yak
 12368 | Lair:2   | Found a hole to the Spider Nest.
 12368 | Lair:2   | Noticed a boulder beetle
 12385 | Lair:2   | Reached skill level 14 in Ranged Weapons
 12498 | Lair:2   | Found a glowing golden altar of the Shining One.
 12503 | Lair:2   | Noticed a seven-headed hydra
 12525 | Lair:2   | Noticed a skyshark
 12532 | Lair:2   | Killed a skyshark
 12543 | Lair:2   | Killed a boulder beetle
 12603 | Lair:2   | Killed a seven-headed hydra
 12659 | Lair:2   | Received a gift from Okawaru
 12660 | Lair:2   | Reached skill level 15 in Ranged Weapons
 12770 | Lair:2   | Killed a death yak
 12771 | Lair:2   | Killed a death yak
 12778 | Lair:2   | Killed a death yak
 12780 | Lair:2   | Killed a death yak
 12787 | Lair:2   | Killed a boulder beetle
 12788 | Lair:2   | Reached XP level 13. HP: 38/91 MP: 13/13
 12829 | Lair:2   | Reached skill level 16 in Ranged Weapons
 13274 | Lair:2   | Received a gift from Okawaru
 13582 | Lair:2   | Found a staircase to the Swamp.
 13739 | Lair:2   | Identified 2 scrolls of acquirement
 13956 | Lair:3   | Found a runed translucent gate.
 13956 | Lair:3   | Found a runed translucent gate.
 13957 | Lair:3   | Found a runed translucent gate.
 13958 | Lair:3   | Noticed Heha Ogi's ghost (journeyman DjSh)
 13958 | Lair:3   | Noticed Lueser's ghost (journeyman NaAl)
 14232 | Lair:3   | Reached skill level 17 in Ranged Weapons
 14383 | Lair:3   | Noticed Rupert
 14666 | Lair:3   | Killed Rupert
 14666 | Lair:3   | Received a gift from Okawaru
 15173 | Lair:4   | Found a viscous altar of Jiyva.
 15174 | Lair:4   | Found a staircase to the Slime Pits.
 15512 | Lair:5   | Entered Level 5 of the Lair of Beasts
 15673 | Lair:5   | Reached skill level 18 in Ranged Weapons
 15705 | Lair:5   | Acquired 1065 gold pieces
 15707 | Lair:5   | Acquired the scarf "Attidog" {rC+ rF+, Str+2 Dex+3}
 15719 | Lair:5   | Acquired a manual of Fighting
 15743 | Lair:5   | Received a gift from Okawaru
 15761 | Lair:5   | Reached XP level 14. HP: 58/103 MP: 14/14
 16001 | Lair:5   | Acquired a recursive neosubsystem {rElec rPois Regen+
                  | RegenMP+ rCorr}
 16033 | Lair:5   | Noticed a dire elephant
 16036 | Lair:5   | Noticed a dire elephant
 16046 | Lair:5   | Noticed a dire elephant
 16061 | Lair:5   | Killed a dire elephant
 16062 | Lair:5   | Reached skill level 10 in Fighting
 16122 | Lair:5   | Killed a dire elephant
 16127 | Lair:5   | Killed a dire elephant
 16127 | Lair:5   | Received a gift from Okawaru
 16597 | Lair:5   | Received a gift from Okawaru
 17208 | Spider:1 | Entered Level 1 of the Spider Nest
 17217 | Lair:2   | Reached skill level 1 in Invocations
 17275 | Swamp:1  | Entered Level 1 of the Swamp
 17655 | Lair:3   | Killed Heha Ogi's ghost
 17655 | Lair:3   | Received a gift from Okawaru
 17662 | Lair:3   | Killed Lueser's ghost
 17663 | Lair:3   | Reached skill level 5 in Invocations
 17663 | Lair:3   | Reached XP level 15. HP: 44/127 MP: 18/18
 18299 | Swamp:2  | Received a gift from Okawaru
 18303 | Swamp:2  | Reached skill level 1 in Armour
 18797 | Swamp:3  | Reached skill level 5 in Armour
 18865 | Swamp:3  | Found a glacial archway.
 18887 | Swamp:3  | Received a gift from Okawaru
 18906 | IceCv    | Entered an ice cave
 18926 | IceCv    | HP: 4/127 [lindwurm simulacrum (7)]
 18926 | IceCv    | Slain by a seven-headed hydra simulacrum

Illustrated notes

Levels and vault maps discovered:
D:1:      minmay_arrival_hallway, layout_loops_cross, serial_bayou_lagoon_b
D:2:      layout_loops_ring
D:3:      layout_basic, serial_rivers, chequers_serial_rivers_micro_b,
          chequers_serial_rivers_marsh, chequers_serial_rivers_room_a,
          chequers_serial_rivers_micro_a, chequers_serial_rivers_room_a
D:4:      minmay_recursive_quarters, layout_basic, lightli_temple_of_fire
D:5:      layout_layer_cave, mainiacjoe_overflow_catwalk,
          nemelex_diamond_rough_becter, minmay_temple_entry_purple_smoke,
          uniq_edmund
D:6:      layout_basic, serial_shops, nicolae_lakefront_shop
D:7:      layout_basic, okawaru_ov_weapons_minmay, uniq_pikel, uniq_maurice
D:8:      layout_layer_cave, uniq_erica
D:9:      layout_loops_ring, mainiacjoe_overflow_24_doors
D:10:     layout_loops_cross, erik_lair_orcish_takeover, erik_orc_1, uniq_sonja
D:11:     layout_small_grid
Temple:   hellmonk_temple_divided_pantheon
Lair:1:   layout_hall_layers, st_stairs_8, infiniplex_staircase_pool_2
Lair:2:   layout_long_grid, palyth_hydra_swamp_entry,
          nicolae_spider_entry_non_spiders, basic_altar, gauntlet_entry_generic,
          grunt_megastairs_1, serial_bayou_shore_b
Lair:3:   layout_concentric_octagons, gammafunk_ghost_cemetery, serial_rivers,
          chequers_serial_rivers_small_b, chequers_serial_rivers_small_b,
          chequers_serial_rivers_marsh, chequers_serial_rivers_small_a,
          uniq_rupert
Lair:4:   layout_cave_pods, slime_entry_2
Lair:5:   due_jungle_book, layout_cave_pods, serial_bayou_shore_b
Swamp:1:  layout_basic_swamp, evilmike_swamp_ruin_house_2
Swamp:2:  layout_basic_swamp, evilmike_swamp_ruin_house_4,
          nicolae_swamp_very_dense_foliage
Swamp:3:  layout_basic_swamp, portal_ice_cave_entry_ugly_swarm,
          nicolae_swamp_ascending_descending, swamp_pool_5,
          infiniplex_staircase_pool
Spider:1: layout_spider_delve
IceCv:    ice_cave_statue_garden_chambered

Skill      XL: |  1  2  3  4  5  6  7  8  9 10 11 12 13 14 15 |
---------------+----------------------------------------------+-----
Ranged Weapons | 4 5 6 7 8 9 13 15 18 | 18.0
Fighting       | 5 7 14 | 14.6
Dodging        | 6 9 11 | 11.4
Invocations    | 5 8 |  8.0
Armour         | 5 |  5.7
Stealth        | |  0.7

Action                     |  1- 3 |  4- 6 |  7- 9 | 10-12 | 13-15 || total
---------------------------+-------+-------+-------+-------+-------++-------
  Melee: Sling             |       |       |     4 |     4 |       ||     8
         Hand cannon       |       |       |       |     3 |       ||     3
   Fire: Sling             |   192 |   160 |   498 |   988 |   711 ||  2549
         Hand cannon       |       |       |       |   144 |   711 ||   855
 Invoke: Receive Weapon    |       |       |       |     1 |       ||     1
         Receive Armour    |       |       |       |     1 |       ||     1
Ability: Invent Gizmo      |       |       |       |       |     1 ||     1
  Evoke: Wand              |       |       |       |     6 |       ||     6
    Use: Scroll            |       |     1 |    12 |    13 |    11 ||    37
         Potion            |       |       |       |     6 |     3 ||     9
 Armour: Leather armour    |    10 |    10 |    71 |   143 |   243 ||   477
  Dodge: Dodged            |    10 |     8 |    49 |   216 |   255 ||   538

Table legend: (Time is in decaauts)
 A = Elapsed time spent in this place.
 B = Non-inter-level travel time spent in this place.
 C = Inter-level travel time spent in this place.
 D = Time resting spent in this place.
 E = Time spent auto-exploring this place.
 F = Levels seen in this place.
 G = Mean time per level.
                   A        B        C        D        E       F      G
               +--------+--------+--------+--------+--------+-----+--------+
         Total |  19022 |  17996 |   1026 |   1275 |  13659 |  23 |  827.0 |
       Dungeon |  10227 |   9794 |    433 |    748 |   7704 |  11 |  929.7 |
        Temple |     12 |     12 |      0 |      0 |      0 |   1 |   12.0 |
          Lair |   6569 |   6028 |    541 |    273 |   4691 |   5 | 1313.8 |
         Swamp |   1453 |   1402 |     51 |    127 |    938 |   3 |  484.3 |
   Spider Nest |      6 |      6 |      0 |      0 |      0 |   1 |    6.0 |
      Ice Cave |     18 |     18 |      0 |      0 |      0 |   1 |   18.0 |
      Gauntlet |    735 |    735 |      0 |    127 |    325 |   1 |  735.0 |
               +--------+--------+--------+--------+--------+-----+--------+

Top non-repeatable levels by time:
  Lair:5: 1621 daAuts
  Lair:2: 1604 daAuts
    D:10: 1521 daAuts
     D:4: 1447 daAuts
  Lair:1: 1408 daAuts
     D:5: 1364 daAuts
     D:9: 1189 daAuts
  Lair:3: 1131 daAuts
     D:7: 1124 daAuts
     D:8: 1055 daAuts
  Lair:4: 803 daAuts
Gauntlet: 735 daAuts
     D:3: 700 daAuts
 Swamp:1: 689 daAuts
     D:1: 658 daAuts
